 Dungeon Crawl Stone Soup version 0.31-a0-214-gb37851dbb3 (webtiles) character file.

Game seed: 2909764944639427920

1318 qw the Cleaver (level 8, -1/51 HPs)
             Began as a Gargoyle Fighter on July 1, 2023.
             Slain by a two-headed ogre
             ... wielding a +0 giant club
              (19 damage)
             ... on level 6 of the Dungeon.
             The game lasted 00:02:11 (4437 turns).

qw the Cleaver (Gargoyle Fighter)                   Turns: 4437, Time: 00:02:12

Health: -1/51      AC: 15    Str: 22    XL:     8   Next: 59%
Magic:  8/8        EV: 10    Int:  9    God:
Gold:   243        SH:  4    Dex:  9    Spells: 7/7 levels left

rFire   . . .        Y - +0 war axe (venom)
rCold   . . .        c - +0 buckler
rNeg    + . .        b - +0 scale mail
rPois   inf          q - +0 helmet
rElec   +            h - +0 cloak
rCorr   .            (no gloves)
SInv    .            l - +0 pair of boots
Will    .....        (no amulet) Stlth
                     (no ring)
HPRegen 0.28/turn    (no ring)
MPRegen 0.11/turn

%: no passive effects
@: no status effects
A: sickness immunity, AC +5, negative energy resistance 1, electricity
resistance, torment resistance 1, petrification resistance
a: no special abilities


You were on level 6 of the Dungeon.
You visited 1 branch of the dungeon, and saw 6 of its levels.
You also visited: Sewer.

You collected 303 gold pieces.
You spent 60 gold pieces at shops.


Innate Abilities, Weirdness & Mutations

You are immune to sickness and miasma.
Your stone body is resilient. (AC +5)
You are immune to poison.
You resist negative energy. (rN+)
You are resistant to electric shocks. (rElec)
You are resistant to unholy torment.
You are immune to petrification.


   Skills:
 + Level 5.7 Fighting
 - Level 8.0 Axes
 - Level 1.6 Throwing
 - Level 3.2 Armour
 - Level 1.7 Dodging
 - Level 3.2 Shields


You had 7 spell levels left.
You didn't know any spells.
Your spell library was empty.

Inventory:

Hand Weapons
 g - a +0 flail
 o - a +1 flail of draining
 Y - a +0 war axe of venom (weapon)
Missiles
 v - 5 boomerangs (quivered)
Armour
 b - a +0 scale mail (worn)
 c - a +0 buckler (worn)
 h - a +0 cloak (worn)
 l - a +0 pair of boots (worn)
 q - a +0 helmet (worn)
Jewellery
 j - a ring of fire
Wands
 i - a wand of digging (5)
Scrolls
 m - 3 scrolls of identify
Potions
 a - 2 potions of curing
 d - a potion of might
 e - a potion of resistance
 f - 2 potions of haste
 k - 5 potions of enlightenment
 r - 3 potions of cancellation
 s - a potion of attraction

Dungeon Overview and Level Annotations

Branches:
Dungeon (6/15)              Sewer (visited)
 Temple: D:4-7

Altars:
Ashenzari
Nemelex Xobeh
Sif Muna
Wu Jian
Zin

Shops:
D:2 :**=


Message History

The boomerang hits the orc!
You kill the orc!
You start resting.
HP restored.
v - 5 boomerangs (gained 3)
Things that are here:
a +0 hand axe; a +0 leather armour; a +0 club You see here a +0 short sword.
Things that are here:
a +0 dagger; a +0 ring mail; an orc corpse
There is an open door here.
Found a stone staircase leading up.
A two-headed ogre comes into view. It is wielding two +0 giant clubs.
Found a scroll labelled FYIHOU INNE.
You throw a boomerang.
The boomerang barely misses the two-headed ogre.
You see here a murky red potion.
You throw a boomerang.
The boomerang hits the two-headed ogre but does no damage.
You throw a boomerang. The boomerang hits the two-headed ogre!
The two-headed ogre is moderately wounded.
You slash the two-headed ogre!
The two-headed ogre is moderately wounded.
The two-headed ogre hits you with a +0 giant club!
The two-headed ogre hits you with a +0 giant club.
You hit the two-headed ogre.
The two-headed ogre is moderately wounded.
You hit the two-headed ogre.
The two-headed ogre is poisoned.
The two-headed ogre is moderately wounded.
The two-headed ogre closely misses you.
The two-headed ogre hits you with a +0 giant club!
You hit the two-headed ogre.
The two-headed ogre looks as sick as possible!
The two-headed ogre is heavily wounded.
The two-headed ogre barely misses you.
The two-headed ogre hits you with a +0 giant club!
You completely miss the two-headed ogre.
The two-headed ogre is heavily wounded.
The two-headed ogre hits you with a +0 giant club!!
You die...

#.........)........#
#...###..##)#####'##
#...#######'####..<#
+.............#....#
#.............#....# .
#.............#....#
...#.............#....#
.................#....#
.?.....@.........#....#
...8..O##...####.##...#
..8<8.. #...# #######
...8... #..... .......
#......# .......
#......# #......
######## ###....


You could see a two-headed ogre (extremely poisoned).

Vanquished Creatures
  Grinder (D:3)
  Sigmund (D:4)
  Edmund (D:4)
  A black bear (D:5)
  2 kobold brigands (Sewer)
  3 scorpions (D:5)
  A hound (D:4)
  An orc priest (D:5)
  3 iguanas
  2 orc wizards
  Robin (D:4)
  10 adders
  4 river rats (D:3)
  4 worms
  A dart slug (D:4)
  17 orcs
  3 ball pythons
  3 endoplasms
  6 giant cockroaches
  16 goblins
  4 hobgoblins
  3 jackals
  7 kobolds
  5 quokkas
  5 bats
  6 frilled lizards
  9 rats
120 creatures vanquished.

Notes
Turn   | Place    | Note
-------+----------+-------------------------------------------
     0 | D:1      | qw the Gargoyle Fighter began the quest for the Orb.
     0 | D:1      | Reached XP level 1. HP: 14/14 MP: 1/1
     0 | D:1      | 0 ||| qw: Version: 0.3-a-32-g5962c71
     0 | D:1      | 0 ||| qw: Game counter: 7357
     0 | D:1      | 0 ||| qw: Melee chars always use a shield: true
     0 | D:1      | 0 ||| qw: God list: Okawaru
     0 | D:1      | 0 ||| qw: Allow faded altars: false
     0 | D:1      | 0 ||| qw: Do Orc after clearing Dungeon:15 true
     0 | D:1      | 0 ||| qw: Do second Lair branch before Depths: true
     0 | D:1      | 0 ||| qw: Lair rune preference: random
     0 | D:1      | 0 ||| qw: Goals: Normal, Zot:1-4, Slime:5, God:TSO, Crypt,
                  | Tomb, Abyss, Pan, Hells, Win
     0 | D:1      | 0 ||| PLANNING D:1-11
    19 | D:1      | 19 ||| Stepping ~*~*~tactically~*~*~ (stealth).
    43 | D:1      | Reached skill level 2 in Axes
   220 | D:1      | 220 ||| Stepping ~*~*~tactically~*~*~ (hiding).
   228 | D:1      | Reached XP level 2. HP: 19/19 MP: 2/2
   630 | D:1      | Found a faded altar of an unknown god.
   786 | D:1      | 786 ||| UPGRADING to +0 cloak.
   791 | D:1      | 791 ||| READING scroll labelled HEAM INUGISEZ.
   792 | D:1      | 792 ||| READING scroll labelled AJIRRA RIFO.
   793 | D:1      | 793 ||| READING scroll labelled MINAKHL HEAKLO.
   802 | D:1      | 802 ||| READING scroll labelled CENADDOZAIZ.
   878 | D:2      | 878 ||| DROPPING +0 club.
   905 | D:2      | Found Reweomoil's Jewellery Shop.
   913 | D:2      | 913 ||| SHOPLISTING +4 ring of protection (468 gold, have
                  | 39).
   913 | D:2      | 913 ||| SHOPLISTING amulet "Dudeoph" {Reflect rN+ Will-
                  | Regen+ Dex+3 SH+5} (562 gold, have 39).
   913 | D:2      | 913 ||| SHOPLISTING amulet "Qukirr" {rElec rN+ Regen+
                  | Int+2} (681 gold, have 39).
   913 | D:2      | 913 ||| SHOPLISTING amulet of faith (520 gold, have 39).
   913 | D:2      | 913 ||| SHOPLISTING ring of Wucit {rF+ rC- rCorr Str+6}
                  | (561 gold, have 39).
   913 | D:2      | 913 ||| SHOPLISTING ring of protection from cold (325 gold,
                  | have 39).
   913 | D:2      | 913 ||| SHOPLISTING ring of protection from fire (325 gold,
                  | have 39).
   928 | D:2      | Found Kutrul's Assorted Antiques.
   937 | D:2      | 937 ||| SHOPLISTING 2 scrolls labelled JYETHO YGGUUPU (58
                  | gold, have 39).
   937 | D:2      | 937 ||| SHOPLISTING heavily runed scale mail (261 gold,
                  | have 39).
   937 | D:2      | 937 ||| SHOPLISTING plate armour (667 gold, have 39).
   937 | D:2      | 937 ||| SHOPLISTING scroll of identify (58 gold, have 39).
   973 | D:2      | Reached skill level 3 in Axes
  1008 | D:2      | Reached XP level 3. HP: 23/23 MP: 3/3
  1072 | D:2      | Found Boajeh's Assorted Antiques.
  1096 | D:2      | Found Juulaz's Book Shop.
  1368 | D:2      | Found Das Pode's General Store.
  1396 | D:2      | 1396 ||| BUYING potion of enlightenment (60 gold).
  1396 | D:2      | Bought a potion of enlightenment for 60 gold pieces
  1396 | D:2      | 1396 ||| SHOPLISTING potion of lignification (36 gold, have
                  | 10).
  1396 | D:2      | 1396 ||| SHOPLISTING scroll of identify (24 gold, have 10).
  1531 | D:2      | 1531 ||| DROPPING ring of magical power.
  1532 | D:2      | 1532 ||| READING scroll labelled GUBEPI JEMEIR.
  1546 | D:3      | 1546 ||| PLANNING SEWER
  1670 | D:3      | Found a glowing silver altar of Zin.
  1671 | D:3      | Found a sparkling altar of Nemelex Xobeh.
  1671 | D:3      | Found a broken altar of Ashenzari.
  1672 | D:3      | Found an ornate altar of the Wu Jian Council.
  1834 | D:3      | Noticed Grinder
  1835 | D:3      | 1835 ||| Stepping ~*~*~tactically~*~*~ (hiding).
  1846 | D:3      | Killed Grinder
  1847 | D:3      | Reached skill level 5 in Axes
  1847 | D:3      | Reached XP level 4. HP: 14/28 MP: 4/4
  1847 | D:3      | Reached XP level 5. HP: 17/32 MP: 5/5
  1847 | D:3      | Reached XP level 6. HP: 19/37 MP: 6/6
  2053 | D:3      | 2053 ||| Stepping ~*~*~tactically~*~*~ (hiding).
  2054 | D:3      | 2054 ||| Stepping ~*~*~tactically~*~*~ (hiding).
  2066 | D:3      | 2066 ||| READING scroll labelled CYASIB CUCISE.
  2067 | D:3      | 2067 ||| READING scroll labelled SOMIOM TEREFYK.
  2179 | D:3      | 2179 ||| DROPPING +0 mace.
  2186 | D:3      | Found a glowing drain.
  2195 | Sewer    | Entered a sewer
  2235 | Sewer    | 2235 ||| Stepping ~*~*~tactically~*~*~ (water).
  2267 | Sewer    | 2267 ||| Stepping ~*~*~tactically~*~*~ (water).
  2280 | Sewer    | Reached skill level 1 in Dodging
  2283 | Sewer    | Reached XP level 7. HP: 23/43 MP: 7/7
  2373 | Sewer    | Found a glowing silver altar of Zin.
  2416 | D:3      | 2416 ||| PLANNING D:1-11
  2647 | D:4      | Noticed Edmund
  2658 | D:4      | Killed Edmund
  2659 | D:4      | Reached skill level 6 in Axes
  2723 | D:4      | 2723 ||| Stepping ~*~*~tactically~*~*~ (stealth).
  2781 | D:4      | 2781 ||| Stepping ~*~*~tactically~*~*~ (stealth).
  2784 | D:4      | 2784 ||| Stepping ~*~*~tactically~*~*~ (stealth).
  2785 | D:4      | 2785 ||| Stepping ~*~*~tactically~*~*~ (hiding).
  2794 | D:4      | Noticed Robin
  2810 | D:4      | Killed Robin
  2842 | D:4      | 2842 ||| Stepping ~*~*~tactically~*~*~ (stealth).
  2847 | D:4      | 2847 ||| Stepping ~*~*~tactically~*~*~ (stealth).
  2850 | D:4      | 2850 ||| Stepping ~*~*~tactically~*~*~ (stealth).
  2868 | D:4      | 2868 ||| Stepping ~*~*~tactically~*~*~ (hiding).
  2903 | D:4      | 2903 ||| Stepping ~*~*~tactically~*~*~ (stealth).
  2906 | D:4      | 2906 ||| Stepping ~*~*~tactically~*~*~ (stealth).
  2948 | D:4      | Reached skill level 7 in Axes
  3068 | D:4      | 3068 ||| Stepping ~*~*~tactically~*~*~ (stealth).
  3247 | D:4      | 3247 ||| Stepping ~*~*~tactically~*~*~ (stealth).
  3346 | D:4      | Noticed Sigmund
  3356 | D:4      | Killed Sigmund
  3357 | D:4      | Reached XP level 8. HP: 44/50 MP: 8/8
  3507 | D:4      | 3507 ||| UPGRADING to +0 pair of boots.
  3512 | D:4      | 3512 ||| UPGRADING to +0 helmet.
  3517 | D:4      | 3517 ||| READING 2 scrolls labelled VAXIMI FIAPH.
  3518 | D:4      | 3518 ||| READING scroll labelled YMOPSY FODID.
  3519 | D:4      | 3519 ||| READING 2 scrolls labelled XOACUG KIJUJUD.
  3520 | D:4      | 3520 ||| DRINKING 2 fizzy black potions.
  3521 | D:4      | 3521 ||| READING 5 scrolls of identify.
  3521 | D:4      | 3521 ||| IDENTIFYING purple potion
  3522 | D:4      | 3522 ||| READING 4 scrolls of identify.
  3522 | D:4      | 3522 ||| IDENTIFYING yellow potion
  3523 | D:4      | 3523 ||| READING 3 scrolls of identify.
  3523 | D:4      | 3523 ||| IDENTIFYING sedimented emerald potion
  3524 | D:4      | 3524 ||| DROPPING scroll of fear.
  3525 | D:4      | 3525 ||| DROPPING scroll of immolation.
  3539 | D:5      | Entered Level 5 of the Dungeon
  3578 | D:5      | Reached skill level 1 in Throwing
  3578 | D:5      | 3578 ||| DRINKING 2 potions of curing.
  3578 | D:5      | 3578 ||| (to cure confusion)
  3582 | D:5      | HP: 10/50 [something/puff of flame (6)]
  3583 | D:5      | 3583 ||| DRINKING potion of heal wounds.
  3714 | D:5      | Found a shimmering blue altar of Sif Muna.
  4230 | D:5      | Reached skill level 8 in Axes
  4359 | D:5      | 4359 ||| READING scroll labelled NEHOUJ SU EME.
  4360 | D:5      | 4360 ||| READING scroll labelled FAOMEVISETH.
  4404 | D:6      | 4404 ||| Stepping ~*~*~tactically~*~*~ (stealth).
  4428 | D:6      | Noticed a two-headed ogre
  4437 | D:6      | Slain by a two-headed ogre

Levels and vault maps discovered:
D:1:      dpeg_arrival_shelter, layout_basic,
          shapermc_ecumenical_altar_flowoftime
D:2:      layout_basic, serial_shops, shop, shop, nicolae_shop_dealshenge, shop,
          nicolae_shop_tiny_glass
D:3:      layout_basic, chequers_temple_overflow_statue_of_worship,
          portal_sewer_entry_b, minmay_checkerbox, uniq_grinder
D:4:      layout_loops_cross, nicolae_half_adder, uniq_sigmund, uniq_edmund,
          uniq_robin
D:5:      layout_gridville, lemuel_blue_sif_altar
D:6:      layout_gridville, st_stairs_14

Skill      XL: |  1  2  3  4  5  6  7  8 |
---------------+-------------------------+-----
Axes           | 2 3 5 7 8 |  8.0
Fighting       | 4 5 |  5.7
Dodging        | 1 |  1.7
Throwing       | 1 |  1.6
Armour         | |  3.2
Shields        | |  3.2

Action                     |  1- 3 |  4- 6 |  7- 9 || total
---------------------------+-------+-------+-------++-------
  Melee: War axe           |    91 |    66 |   166 ||   323
  Throw: Boomerang         |       |     9 |    65 ||    74
    Use: Scroll            |     5 |     2 |     8 ||    15
         Potion            |       |       |     3 ||     3
 Armour: Scale mail        |    48 |    45 |    72 ||   165
  Dodge: Dodged            |    28 |    34 |    75 ||   137
  Block: Buckler           |     6 |    18 |    29 ||    53

Table legend:
 A = Non-vault XP
 B = Vault XP
 C = Vault XP percentage of total XP
 D = Non-vault monster count
 E = Vault monster count
 F = Vault count percentage of total count
                 A         B        C        D         E       F
            +---------+---------+-------+---------+---------+-------
      Total |     853 |    1031 |  54.7 |      79 |      41 |  34.2
            +---------+---------+-------+---------+---------+-------
        D:1 |      18 |       0 |   0.0 |      12 |       0 |   0.0
        D:2 |      35 |       0 |   0.0 |      17 |       0 |   0.0
        D:3 |      27 |     342 |  92.7 |       9 |      12 |  57.1
        D:4 |     143 |     479 |  77.0 |      18 |      19 |  51.4
        D:5 |     583 |       0 |   0.0 |      18 |       0 |   0.0
        D:6 |      47 |       0 |   0.0 |       5 |       0 |   0.0
      Sewer |       0 |     210 | 100.0 |       0 |      10 | 100.0
            +---------+---------+-------+---------+---------+-------
